[Event "Team 45 45 League T42"]
[Site "Internet Chess Club"]
[Date "2009.08.14"]
[Round "3"]
[White "gorgon"]
[Black "nardz"]
[Result "0-1"]
[WhiteElo "2045"]
[BlackElo "2023"]
[Opening "English: Caro-Kann defensive system"]
[ECO "A11"]
[Time "18:00:14"]
[TimeControl "2700+45"]

1. c4 c6 2. g3 d5 3. cxd5 cxd5 4. Bg2 Nc6 5. d4 Nf6 6. Nf3 Bf5 7. Nc3 e6 8. a3
a6 9. O-O Bd6 10. Bf4 Bxf4 11. gxf4 O-O 12. e3 Ne4 13. Nxe4 Bxe4 14. Ng5 Bxg2
15. Kxg2 h6 16. Nf3 Rc8 17. Rg1 Ne7 18. Nh4 Nf5 19. Nxf5 exf5 20. Qh5 Qf6 21.
Rac1 Qe6 22. Qf3 Rc6 23. Rc5 Rd8 24. Rgc1 Rdd6 25. Qe2 Qe4+ 26. f3 Rg6+ 27. Kf1
Qe7 28. Rxc6 bxc6 29. Qf2 Qb7 30. Qc2 Qb5+ 31. Kf2 Qa5 32. Qc3 Qd8 33. Ke2 Qh4
34. Qb3 Rg2+ 35. Kd3 Qf2 36. Rc2 Qf1+ 37. Kc3 Qe1+ 38. Kd3 Qd1+ 39. Kc3 Qe1+ 40.
Kd3 Rg1 41. Qb8+ Kh7 42. Qe5 Qf1+ 43. Kc3 Qc4+ {White resigns} 0-1

[Event "Team 45 45 League T42"]
[Site "Internet Chess Club"]
[Date "2009.08.16"]
[Round "3"]
[White "iasonmessinis"]
[Black "chesskilleruk"]
[Result "1-0"]
[WhiteElo "2290"]
[BlackElo "2242"]
[Opening "Caro-Kann defense"]
[ECO "B12"]
[Time "10:00:26"]
[TimeControl "2700+45"]

1. e4 c6 2. d4 d6 3. Nc3 Qc7 4. Nf3 e5 5. Bc4 h6 6. O-O Nf6 7. h3 Be7 8. a4 a5
9. Be3 Nbd7 10. Nh4 Nf8 11. f4 exf4 12. Bxf4 g5 13. e5 gxf4 14. exf6 Bxf6 15.
Rxf4 Qe7 16. Re4 Be6 17. d5 Bxh4 18. dxe6 O-O-O 19. exf7 Qg5 20. Qd4 Ng6 21. Rg4
Qh5 22. Qe4 d5 23. Bxd5 cxd5 24. Qe6+ Kb8 25. Rxg6 Bg5 26. Qe5+ Ka8 27. Qxh8
{Black resigns} 1-0

[Event "Team 45 45 League T42"]
[Site "Internet Chess Club"]
[Date "2009.08.15"]
[Round "3"]
[White "Folgers"]
[Black "A-Proudian"]
[Result "0-1"]
[WhiteElo "2028"]
[BlackElo "1903"]
[Opening "Trompowsky attack (Ruth, Opocenský opening)"]
[ECO "A45"]
[Time "22:00:07"]
[TimeControl "2700+45"]

1. d4 Nf6 2. Bg5 g6 3. Bxf6 exf6 4. e3 Bg7 5. Ne2 d6 6. Nf4 c6 7. h4 f5 8. h5 g5
9. h6 Bf8 10. Nd3 Qf6 11. Qh5 Rg8 12. Nc3 Rg6 13. g3 Be6 14. Bg2 Rxh6 15. Qe2
Bc4 16. O-O-O d5 17. g4 Nd7 18. gxf5 Qxf5 19. e4 Bxd3 20. cxd3 Qf4+ 21. Kc2 dxe4
22. dxe4 O-O-O 23. e5 Nb6 24. d5 Rxh1 25. Bxh1 cxd5 26. Nxd5 Nxd5 27. Bxd5 Kb8
28. f3 Bg7 29. Qb5 Qf5+ 30. Be4 Qc8+ 31. Bc6 Rxd1 {White resigns} 0-1

[Event "Team 45 45 League T42"]
[Site "Internet Chess Club"]
[Date "2009.08.14"]
[Round "3"]
[White "Thenazgul"]
[Black "Pason"]
[Result "1/2-1/2"]
[WhiteElo "2153"]
[BlackElo "2054"]
[Opening "Sicilian: Grand Prix attack"]
[ECO "B23"]
[Time "12:00:04"]
[TimeControl "2700+45"]

1. e4 c5 2. Nc3 Nc6 3. f4 e6 4. Nf3 a6 5. g3 Be7 6. Bg2 d6 7. d3 Nf6 8. O-O O-O
9. h3 Rb8 10. g4 d5 11. e5 Nd7 12. Ne2 f6 13. exf6 Nxf6 14. c3 b5 15. Ng3 b4 16.
Qe2 a5 17. Ng5 Qd6 18. Re1 Nd8 19. c4 Ne8 20. cxd5 {Game drawn by mutual
agreement} 1/2-1/2

[Event "Team 45 45 League T42"]
[Site "Internet Chess Club"]
[Date "2009.08.19"]
[Round "3"]
[White "Zornorph"]
[Black "Voidchess"]
[Result "1-0"]
[WhiteElo "2099"]
[BlackElo "2057"]
[Opening "English opening"]
[ECO "A16"]
[Time "09:08:51"]
[TimeControl "2700+45"]

1. c4 Nf6 2. Nc3 b6 3. g3 Bb7 4. Nf3 d6 5. d4 e6 6. Bg2 Be7 7. b3 O-O 8. Bb2 d5
9. Ne5 c6 10. O-O Nfd7 11. cxd5 Nxe5 12. dxe5 cxd5 13. e4 Ba6 14. exd5 Bxf1 15.
Qxf1 exd5 16. Nxd5 Nd7 17. Nxe7+ Qxe7 18. Bxa8 Rxa8 19. f4 Qc5+ 20. Qf2 Kf8 21.
Qxc5+ Nxc5 22. Ba3 Ke8 23. Bxc5 bxc5 24. Rc1 Rc8 25. Kf2 Kd7 26. Ke3 g6 27. Ke4
Ke6 28. g4 f5+ 29. gxf5+ gxf5+ 30. Ke3 Rc6 31. b4 Ra6 32. bxc5 Ra3+ 33. Kd4 Ra4+
34. Rc4 Rxa2 35. c6 Rd2+ 36. Kc5 Rd8 37. c7 Rc8 38. Kc6 {Black resigns} 1-0

[Event "Team 45 45 League T42"]
[Site "Internet Chess Club"]
[Date "2009.08.17"]
[Round "3"]
[White "Denis"]
[Black "SlimeDog2"]
[Result "1-0"]
[WhiteElo "2358"]
[BlackElo "2217"]
[Opening "Grünfeld: 5.Bg5"]
[ECO "D91"]
[Time "21:30:11"]
[TimeControl "2700+45"]

1. d4 Nf6 2. c4 g6 3. Nc3 d5 4. Nf3 Bg7 5. Bg5 Ne4 6. cxd5 Nxg5 7. Nxg5 e6 8.
Nf3 exd5 9. b4 Qd6 10. Qb3 Nc6 11. e3 Bf5 12. a3 Rd8 13. Rc1 O-O 14. Be2 Rfe8
15. O-O Bf8 16. Na4 Nb8 17. Nc5 Bc8 18. Rc3 a6 19. Rfc1 c6 20. a4 Nd7 21. Nd3
Nb6 22. b5 axb5 23. axb5 Nc4 24. bxc6 Na5 25. Qb5 Nxc6 26. Nc5 Na7 27. Qa4 Qb8
28. Rb3 Bxc5 29. Rxc5 Bd7 30. Qa3 Rc8 31. Ne5 Bf5 32. Rb6 Rxc5 33. Qxc5 Be6 34.
Ba6 Rc8 35. Rxb7 Qxb7 36. Bxb7 Rxc5 37. dxc5 Kf8 38. Kf1 f6 39. Nc6 Nb5 40. Ke1
Ke8 41. Nb4 Nc7 42. Kd2 Kd7 43. Bc6+ Ke7 44. Kd3 Bf7 45. Kd4 Ne6+ 46. Kxd5 Nf4+
47. Kd4 Ne6+ 48. Kc4 Nf4+ 49. Kb5 {Black resigns} 1-0

[Event "Team 45 45 League T42"]
[Site "Internet Chess Club"]
[Date "2009.08.12"]
[Round "3"]
[White "GaShMa"]
[Black "menorca"]
[Result "1-0"]
[WhiteElo "2337"]
[BlackElo "2126"]
[Opening "Petrov: Kaufmann attack"]
[ECO "C42"]
[Time "14:10:03"]
[TimeControl "2700+45"]

1. e4 e5 2. Nf3 Nf6 3. Nxe5 d6 4. Nf3 Nxe4 5. c4 Be7 6. d4 O-O 7. Bd3 d5 8. O-O
Nc6 9. Re1 Bf5 10. cxd5 Qxd5 11. Qe2 Nf6 12. Nc3 Bxd3 13. Nxd5 Bxe2 14. Nxe7+
Nxe7 15. Rxe2 Nc6 16. Bf4 Nd5 17. Bg3 Rfe8 18. Rae1 Rxe2 19. Rxe2 f6 20. Kf1 Kf7
21. a3 a5 22. Rc2 Ke6 23. Ke2 Kd7 24. Rc5 Ke6 25. Kd3 a4 26. Nd2 Ra5 27. Ne4 Ra6
28. Rxd5 Kxd5 29. Nc3+ Ke6 30. d5+ Kd7 31. dxc6+ Kxc6 32. Kc4 Ra8 33. Bf4 Re8
34. Be3 f5 35. Kb4 g5 36. Bxg5 Rg8 37. f4 h6 38. Bxh6 Rh8 39. Bg5 Rxh2 40. Kxa4
Rxg2 41. b4 Rg3 42. Bf6 Rh3 43. Be5 Kd7 44. Kb5 Rg3 45. a4 Rh3 46. Kc5 Rh6 47.
Nd5 b6+ 48. Kc4 Re6 49. Nxc7 Rh6 50. Nd5 Rc6+ 51. Kb5 Rc2 52. Nxb6+ Kd8 53. a5
Ra2 54. a6 Ra3 55. Bb8 {Black resigns} 1-0

[Event "Team 45 45 League T42"]
[Site "Internet Chess Club"]
[Date "2009.08.14"]
[Round "3"]
[White "ranaamasonika"]
[Black "adh2050"]
[Result "0-1"]
[WhiteElo "2128"]
[BlackElo "2032"]
[Opening "Sicilian: Hungarian variation"]
[ECO "B27"]
[Time "22:06:58"]
[TimeControl "2700+45"]

1. e4 c5 2. Nf3 g6 3. d3 Bg7 4. g3 Nc6 5. Bg2 e5 6. O-O Nge7 7. Nc3 O-O 8. Nh4
d6 9. f4 exf4 10. gxf4 Bd4+ 11. Kh1 f5 12. exf5 Nxf5 13. Nxf5 Bxf5 14. Ne4 Qd7
15. c3 Bg7 16. Ng5 d5 17. Qb3 Rad8 18. Be3 Bxd3 19. Rfd1 c4 20. Qa3 h6 21. Nf3
Rde8 22. Bc5 Rxf4 23. Re1 Be4 24. Rf1 Qf5 25. Rae1 Ne5 26. Qa4 Rc8 {White
resigns} 0-1

[Event "Team 45 45 League T42"]
[Site "Internet Chess Club"]
[Date "2009.08.16"]
[Round "3"]
[White "Matusalen"]
[Black "xakelari"]
[Result "1/2-1/2"]
[WhiteElo "1999"]
[BlackElo "2038"]
[Opening "Réti opening"]
[ECO "A05"]
[Time "09:08:54"]
[TimeControl "2700+45"]

1. Nf3 Nf6 2. g3 d5 3. Bg2 e6 4. O-O c5 5. d3 Nc6 6. Nbd2 Be7 7. e4 d4 8. a4 O-O
9. Nc4 b6 10. Bf4 Bb7 11. h4 a6 12. b3 b5 13. Ncd2 Nd7 14. e5 Nb6 15. axb5 axb5
16. Rxa8 Qxa8 17. Ng5 Nd5 18. Qh5 Bxg5 19. hxg5 Nxf4 20. gxf4 Ne7 21. Be4 Nf5
22. Kh2 g6 23. Qh3 h5 24. gxh6 Kh7 25. Rh1 Rh8 26. Kg1 Bd5 27. Nf3 Kg8 28. h7+
Kf8 29. Ng5 Ke7 30. Qf3 Ng7 31. Kg2 Nh5 32. Rxh5 gxh5 33. Qxh5 Qf8 34. Kf3 f6
35. exf6+ Qxf6 36. Bxd5 exd5 37. Kg3 c4 38. bxc4 dxc4 39. dxc4 bxc4 40. Qe2+ Kd7
41. Qxc4 Rf8 42. Qd5+ Ke7 43. Qb7+ Kd8 44. Qb8+ Kd7 45. Qb7+ Kd8 46. Qb8+ Kd7
{Game drawn by mutual agreement} 1/2-1/2

[Event "Team 45 45 League T42"]
[Site "Internet Chess Club"]
[Date "2009.08.16"]
[Round "3"]
[White "onslaught"]
[Black "gyoung"]
[Result "1/2-1/2"]
[WhiteElo "2149"]
[BlackElo "2320"]
[Opening "Dutch: Leningrad, main variation"]
[ECO "A87"]
[Time "12:00:14"]
[TimeControl "2700+45"]

1. d4 f5 2. c4 Nf6 3. g3 g6 4. Bg2 Bg7 5. Nf3 O-O 6. O-O d6 7. Nc3 Qe8 8. d5 Na6
9. Rb1 Bd7 10. b4 c6 11. dxc6 bxc6 12. Nd4 Rc8 13. b5 cxb5 14. cxb5 Nc5 15. a4
Kh8 16. Nc6 Bxc6 17. bxc6 Nce4 18. Nxe4 fxe4 19. Rb7 a6 20. Bb2 Rxc6 21. Bh3 Rc4
22. a5 Rc5 23. Qd4 Rxa5 24. Qa7 Ng8 25. Bxg7+ Kxg7 26. Qd4+ Re5 27. Qxd6 Ra5 28.
Be6 Rf6 29. Qd4 Qc6 30. Rb6 Qc7 31. Rfb1 Qe5 32. Qd7 Ra1 33. Rxa1 Qxa1+ 34. Kg2
Qe1 35. Qd4 Qxe2 36. Rb8 Qf3+ 37. Kg1 Nh6 38. Re8 Qa3 39. Qd7 Nf7 40. Rxe7 Qf3
41. Qd4 Kf8 42. Rxf7+ Rxf7 43. Bxf7 Qxf7 44. Qd6+ Kg7 45. Qxa6 {Game drawn by
mutual agreement} 1/2-1/2

[Event "Team 45 45 League T42"]
[Site "Internet Chess Club"]
[Date "2009.08.16"]
[Round "3"]
[White "Zkid"]
[Black "NFork"]
[Result "1-0"]
[WhiteElo "2275"]
[BlackElo "2231"]
[Opening "Caro-Kann: classical, Spassky variation"]
[ECO "B19"]
[Time "14:21:33"]
[TimeControl "2700+45"]

1. e4 c6 2. d4 d5 3. Nc3 dxe4 4. Nxe4 Bf5 5. Ng3 Bg6 6. h4 h6 7. Nf3 Nd7 8. h5
Bh7 9. Bd3 Bxd3 10. Qxd3 Ngf6 11. Bf4 Qa5+ 12. Bd2 Qc7 13. c4 O-O-O 14. O-O-O e6
15. Kb1 Bd6 16. Ne4 Nxe4 17. Qxe4 Nf6 18. Qe2 c5 19. Bc3 Rhe8 20. dxc5 Qxc5 21.
Be5 Ng4 22. Bd4 Qf5+ 23. Ka1 Bc5 24. Nh4 Bxd4 25. Nxf5 exf5 26. Qf3 g6 27. hxg6
fxg6 28. Rd2 Re6 29. Rhd1 Red6 30. Qf4 Be5 31. Rxd6 Rxd6 32. Qf3 Rb6 33. Rd2
{Black resigns} 1-0

[Event "Team 45 45 League T42"]
[Site "Internet Chess Club"]
[Date "2009.08.17"]
[Round "3"]
[White "izit"]
[Black "chiiwen"]
[Result "1/2-1/2"]
[WhiteElo "2161"]
[BlackElo "2106"]
[Opening "Sicilian: accelerated fianchetto, Maróczy bind"]
[ECO "B36"]
[Time "14:02:31"]
[TimeControl "2700+45"]

1. e4 c5 2. Nf3 g6 3. d4 cxd4 4. Nxd4 Nc6 5. c4 Nf6 6. Nc3 Nxd4 7. Qxd4 Bg7 8.
Be3 d6 9. Be2 O-O 10. Qd2 a5 11. O-O a4 12. Bd4 Be6 13. Qe3 Nd7 14. Bxg7 Kxg7
15. Nd5 Bxd5 16. exd5 Re8 17. Rad1 Qb6 18. Qc3+ Nf6 19. Rfe1 Rac8 20. Bf1 e5 21.
dxe6 Rxe6 22. b3 axb3 23. axb3 Rce8 24. Rxe6 Rxe6 25. g3 Re5 26. Rd3 Kg8 27. Qd4
Qxd4 28. Rxd4 Ne8 29. f4 Re3 30. Bd3 Re1+ 31. Kf2 Rh1 32. Be4 Rxh2+ 33. Bg2 b6
34. g4 f6 35. Kg3 Rh6 36. Bf3 g5 37. f5 Rh4 38. Bc6 Ng7 39. Rxd6 h5 40. Bf3 hxg4
41. Bxg4 Kf7 42. Rxb6 Rh1 43. Rb7+ Kf8 44. c5 Rg1+ 45. Kf3 Rc1 46. b4 Rc3+ 47.
Ke4 Rc4+ 48. Kd5 Rxg4 49. b5 Nxf5 50. b6 Rd4+ 51. Ke6 Ng7+ 52. Rxg7 Kxg7 53. b7
Rb4 54. c6 Rb6 55. Kd5 Rb1 56. c7 Rxb7 57. c8=Q Rb5+ 58. Kd6 Re5 59. Qb7+ Kg8
60. Qh1 Kg7 61. Qa8 Re1 62. Qd5 Re5 63. Qd3 Re1 64. Qh3 Re5 65. Qd7+ Kg8 66. Kc6
Re1 67. Qh3 Kg7 68. Kd5 Re5+ 69. Kd4 Re7 70. Qb3 Re5 71. Qb7+ Kg8 72. Qd7 Re1
73. Qc7 Re5 74. Qa7 Re1 75. Qa2+ Kg7 76. Qa8 {Game drawn by mutual agreement}
1/2-1/2

[Event "Team 45 45 League T42"]
[Site "Internet Chess Club"]
[Date "2009.08.17"]
[Round "3"]
[White "evan94131"]
[Black "kingcapture"]
[Result "1-0"]
[WhiteElo "1863"]
[BlackElo "2301"]
[Opening "Sicilian: dragon, Yugoslav attack, Rauser variation"]
[ECO "B76"]
[Time "18:00:06"]
[TimeControl "2700+45"]

1. e4 c5 2. Nf3 d6 3. d4 cxd4 4. Nxd4 Nf6 5. Nc3 g6 6. Be3 Bg7 7. f3 O-O 8. Qd2
Nc6 9. O-O-O d5 10. exd5 Nxd5 11. Nxc6 bxc6 12. Bd4 Nxc3 13. Qxc3 Bh6+ 14. Be3
Bxe3+ 15. Qxe3 Qb6 16. Qxe7 Be6 17. Qa3 Rfd8 18. Bd3 Rd5 19. b3 Rad8 20. h4 Bf5
21. Rhe1 Qf2 22. Qe7 Qxg2 23. Bxf5 Rxd1+ 24. Rxd1 Rxd1+ 25. Kxd1 Qxf3+ 26. Kc1
Qxf5 27. Qxa7 Qf4+ 28. Kb1 Qxh4 29. Qa8+ Kg7 30. Qxc6 Qe1+ 31. Kb2 Qe5+ 32. Qc3
Kf6 33. a4 Qxc3+ 34. Kxc3 Ke5 35. Kd3 h5 36. a5 Kd6 37. b4 h4 38. Ke2 g5 39. a6
Kc6 40. b5+ Kb6 41. c4 g4 42. c5+ Ka7 43. Kf2 f5 44. Kg2 f4 45. Kg1 f3 46. Kf2
h3 47. Kg3 f2 48. Kxf2 h2 49. Kg2 g3 50. Kh1 Ka8 51. b6 Kb8 52. c6 Ka8 53. b7+
Kb8 54. Kg2 Ka7 55. c7 {Black resigns} 1-0

[Event "Team 45 45 League T42"]
[Site "Internet Chess Club"]
[Date "2009.08.16"]
[Round "3"]
[White "RingLord"]
[Black "zachi"]
[Result "0-1"]
[WhiteElo "1724"]
[BlackElo "1955"]
[Opening "Caro-Kann: advance variation"]
[ECO "B12"]
[Time "14:00:48"]
[TimeControl "2700+45"]

1. e4 c6 2. d4 d5 3. e5 Bf5 4. Nc3 e6 5. g4 Bg6 6. Nge2 h6 7. h4 Nd7 8. Nf4 Bh7
9. Be3 Ne7 10. h5 c5 11. Nb5 Nc6 12. c3 c4 13. Nh3 Qb6 14. Nd6+ Bxd6 15. exd6
Qxb2 16. Bd2 Nf6 17. f3 Kd7 18. Qc1 Qxc1+ 19. Bxc1 Kxd6 20. Ba3+ Kd7 21. Kd2 b5
22. Bc5 Kc7 23. a4 bxa4 24. Rxa4 Nd7 25. Ba3 Nb6 26. Rb4 Nxb4 27. Bxb4 a5 28.
Ba3 Rhb8 29. Be2 Na4 30. Bd1 Nb2 31. Bc2 Bxc2 32. Kxc2 Na4 33. Bc1 Rb3 34. Bf4+
Kd7 35. Bd2 Rab8 36. Rc1 Rb2+ 37. Kd1 Rb1 38. Nf4 R8b3 39. Ne2 Rxc1+ 40. Kxc1
Nb2 41. Kc2 Nd3 42. Nc1 Rb2+ 43. Kd1 a4 44. Nxd3 cxd3 45. Bc1 Rb1 46. Kd2 Rxc1
47. Kxc1 a3 {White resigns} 0-1

[Event "Team 45 45 League T42"]
[Site "Internet Chess Club"]
[Date "2009.08.15"]
[Round "3"]
[White "SCUGrad"]
[Black "Bookkeeper"]
[Result "0-1"]
[WhiteElo "1292"]
[BlackElo "1672"]
[Opening "Caro-Kann: advance variation"]
[ECO "B12"]
[Time "08:00:13"]
[TimeControl "2700+45"]

1. e4 c6 2. d4 d5 3. e5 Bf5 4. Bd3 Bxd3 5. Qxd3 e6 6. Nf3 Nd7 7. c4 Ne7 8. O-O
dxc4 9. Qxc4 Nd5 10. Nc3 Be7 11. Ne4 O-O 12. a3 Rc8 13. Qd3 h6 14. Bd2 c5 15.
Rac1 Qb6 16. Rc2 cxd4 17. Nxd4 Nxe5 {White resigns} 0-1

[Event "Team 45 45 League T42"]
[Site "Internet Chess Club"]
[Date "2009.08.16"]
[Round "3"]
[White "dougmo"]
[Black "AndersO"]
[Result "1-0"]
[WhiteElo "1515"]
[BlackElo "1400"]
[Opening "French: advance, Paulsen attack"]
[ECO "C02"]
[Time "10:00:40"]
[TimeControl "2700+45"]

1. e4 e6 2. d4 d5 3. e5 c5 4. c3 Nc6 5. Nf3 Qb6 6. Be2 cxd4 7. cxd4 Nge7 8. Nc3
Nf5 9. Na4 Qa5+ 10. Bd2 Bb4 11. Bc3 Bxc3+ 12. Nxc3 Qb6 13. Bb5 O-O 14. Bxc6 bxc6
15. Qd2 Ba6 16. Na4 Qc7 17. Nc5 Bb7 18. O-O a5 19. Rfc1 Ba6 20. Rc3 Rfc8 21. Qc2
h6 22. g4 Ne7 23. Nh4 Qd8 24. f4 Rc7 25. Qf2 Bc8 26. f5 exf5 27. gxf5 Nxf5 28.
Nxf5 Qg5+ 29. Rg3 Qxf5 30. Qg2 g6 31. Rf1 Qh5 32. Nd3 Qh4 33. Nf4 Qe7 34. Nxg6
fxg6 35. Rxg6+ Qg7 36. Kh1 Raa7 37. Rxg7+ Rxg7 38. Qd2 Rg6 39. Rf3 Rag7 40. Rg3
Rxg3 41. hxg3 Rxg3 42. Qxa5 Bf5 43. Qd8+ Kf7 44. Qc7+ Kg6 45. Qxc6+ Kg5 46. Qf6+
Kf4 47. e6 Rg6 48. Qe5+ Kg5 49. e7 Re6 50. Qxe6 Bxe6 51. e8=Q {Black resigns}
1-0

[Event "Team 45 45 League T42"]
[Site "Internet Chess Club"]
[Date "2009.08.14"]
[Round "3"]
[White "Kingangyal"]
[Black "DannyZil"]
[Result "1-0"]
[WhiteElo "1442"]
[BlackElo "1530"]
[Opening "King's Indian: London system"]
[ECO "A48"]
[Time "15:00:11"]
[TimeControl "2700+45"]

1. d4 Nf6 2. Nf3 g6 3. Bf4 Bg7 4. e3 d5 5. c4 c6 6. Nc3 O-O 7. h3 dxc4 8. Bxc4
b5 9. Bd3 a6 10. O-O Bb7 11. Ne5 Nbd7 12. Be2 c5 13. Bf3 Bxf3 14. Nxf3 Rc8 15.
Rc1 cxd4 16. exd4 Nb6 17. Re1 Qd7 18. Qe2 e6 19. Be5 Nbd5 20. Ne4 Nxe4 21. Bxg7
Kxg7 22. Qxe4 Rc6 23. Ne5 Rxc1 24. Nxd7 Rxe1+ 25. Qxe1 Rc8 26. Nc5 a5 27. Qxa5
b4 28. a3 bxa3 29. Qxa3 Nb6 30. Qa7 Rc6 31. b4 Nd5 32. b5 Rd6 33. Nd7 Nc3 34. b6
Rxd4 35. b7 Rxd7 36. b8=Q {Black resigns} 1-0

[Event "Team 45 45 League T42"]
[Site "Internet Chess Club"]
[Date "2009.08.16"]
[Round "3"]
[White "b-spot"]
[Black "Giacometti"]
[Result "1-0"]
[WhiteElo "1742"]
[BlackElo "1762"]
[Opening "Dutch: Ilyin-Genevsky variation"]
[ECO "A97"]
[Time "10:00:04"]
[TimeControl "2700+45"]

1. d4 f5 2. g3 Nf6 3. Bg2 e6 4. c4 Be7 5. Nf3 O-O 6. O-O d6 7. Nc3 Qe8 8. b4 c6
9. a3 d5 10. cxd5 cxd5 11. Bf4 a6 12. Qb3 Ne4 13. Nxe4 fxe4 14. Nd2 Nc6 15. e3
g5 16. Bc7 g4 17. Qd1 h5 18. h3 Qd7 19. Bf4 e5 20. dxe5 gxh3 21. Qxh5 Rf7 22.
Bh1 Rh7 23. Qg6+ Kh8 24. Kh2 Nd8 25. Nxe4 Ne6 26. Nf6 Bxf6 27. Qxf6+ Kg8 28.
Rfd1 Nxf4 29. exf4 Rg7 30. Bxd5+ Kh8 31. Qf8+ Kh7 32. Be4+ Kh6 33. Rxd7 {Black
resigns} 1-0

[Event "Team 45 45 League T42"]
[Site "Internet Chess Club"]
[Date "2009.08.16"]
[Round "3"]
[White "Monsieur"]
[Black "Krumpy"]
[Result "1-0"]
[WhiteElo "1588"]
[BlackElo "1396"]
[Opening "QGD: Ragozin variation"]
[ECO "D38"]
[Time "11:01:06"]
[TimeControl "2700+45"]

1. d4 d5 2. c4 e6 3. Nc3 Nf6 4. Nf3 Bb4 5. Bd2 Nbd7 6. e3 c6 7. cxd5 cxd5 8. Bd3
O-O 9. Qe2 Nb6 10. O-O-O Bd7 11. e4 dxe4 12. Nxe4 Nbd5 13. Nxf6+ Qxf6 14. Bg5
Rac8+ 15. Kb1 Nc3+ 16. bxc3 Qxf3 17. gxf3 Rxc3 18. Rc1 Ra3 19. Rc7 Bc6 20. Bc1
Ra5 21. Rg1 Rd8 22. Bh6 g6 23. Bxg6 hxg6 24. Rxg6+ fxg6 25. Qxe6+ Kh8 26. Qf6+
Kg8 27. Qxd8+ {Black resigns} 1-0

[Event "Team 45 45 League T42"]
[Site "Internet Chess Club"]
[Date "2009.08.17"]
[Round "3"]
[White "PostMike"]
[Black "Dr-Checkmate"]
[Result "0-1"]
[WhiteElo "1572"]
[BlackElo "1576"]
[Opening "Scandinavian defense"]
[ECO "B01"]
[Time "14:30:21"]
[TimeControl "2700+45"]

1. e4 d5 2. exd5 Nf6 3. d4 Bg4 4. Be2 Bxe2 5. Nxe2 Qxd5 6. O-O Nc6 7. b3 O-O-O
8. c4 Qd7 9. Bb2 e6 10. a3 Bc5 11. d5 exd5 12. Bxf6 gxf6 13. b4 Be7 14. b5 Ne5
15. Qa4 Kb8 16. Rd1 Nxc4 17. Nf4 Nb2 18. Qc2 Nxd1 19. Qxd1 Qxb5 20. Nc3 Qc4 21.
Ncxd5 c6 22. Rc1 Rxd5 23. Nxd5 Qxd5 24. Qg4 Qg5 25. Qc4 Rg8 26. g3 Bxa3 27. Rb1
Bc5 28. Qxf7 Bxf2+ 29. Kxf2 Qf5+ 30. Kg2 Qd5+ 31. Qxd5 cxd5 {White resigns} 0-1

[Event "Team 45 45 League T42"]
[Site "Internet Chess Club"]
[Date "2009.08.16"]
[Round "3"]
[White "cobra2008"]
[Black "chesskix"]
[Result "1-0"]
[WhiteElo "1539"]
[BlackElo "1416"]
[Opening "Caro-Kann defense"]
[ECO "B10"]
[Time "14:00:07"]
[TimeControl "2700+45"]

1. e4 c6 2. Nf3 d5 3. exd5 cxd5 4. Bb5+ Nc6 5. O-O Nf6 6. Qe2 Bd7 7. Re1 a6 8.
Bxc6 Bxc6 9. d3 d4 10. Bg5 Qd5 11. c3 Qf5 12. Qe5 Qxd3 13. Nxd4 Nd5 14. Nxc6
bxc6 15. Qd6 Qg6 16. Qxg6 hxg6 17. c4 Nb4 18. Na3 f6 19. Bd2 Nd3 20. Re3 Rd8 21.
Ba5 Rd7 22. Re6 Rd6 23. Re2 e5 24. Rb1 Rd4 25. Rd2 Nf4 26. Nc2 Rxd2 27. Bxd2
Ne2+ 28. Kf1 Nd4 29. Nxd4 exd4 30. h3 Kd7 31. Ke2 Bd6 32. b4 Re8+ 33. Kd3 c5 34.
bxc5 Bxc5 35. Rb7+ Ke6 36. Rxg7 g5 37. f4 gxf4 38. Bxf4 Kf5 39. g3 Re1 40. Rd7
Bb6 41. c5 Ba5 42. c6 Rd1+ 43. Kc2 Rf1 44. Rd5+ Ke4 45. Rxa5 d3+ 46. Kb3 Rb1+
47. Kc3 Rb5 48. Rxb5 axb5 49. c7 Kf3 50. c8=Q Ke2 51. Qe6+ {Black resigns} 1-0

[Event "Team 45 45 League T42"]
[Site "Internet Chess Club"]
[Date "2009.08.15"]
[Round "3"]
[White "BigW"]
[Black "ZacAttack99"]
[Result "1-0"]
[WhiteElo "1912"]
[BlackElo "1463"]
[Opening "QGD: classical variation (5.Bf4)"]
[ECO "D37"]
[Time "15:00:19"]
[TimeControl "2700+45"]

1. d4 d5 2. c4 e6 3. Nf3 Nf6 4. Nc3 Be7 5. Bf4 O-O 6. e3 b6 7. cxd5 exd5 8. Bd3
Bb7 9. O-O Nbd7 10. Ne5 Nxe5 11. Bxe5 c5 12. Qf3 c4 13. Bxc4 dxc4 14. Qxb7 Ng4
15. Rad1 f6 16. Bg3 Kh8 17. h3 Nh6 18. e4 f5 19. e5 f4 20. Bh2 f3 21. d5 fxg2
22. Kxg2 Bh4 23. Ne4 Rf7 24. Qc6 Rc8 25. Qb5 Ra8 26. e6 Re7 27. Rfe1 a6 28. Qxc4
Qe8 29. Kh1 Rc8 30. Qxa6 Ra8 31. Qxb6 Rxa2 32. Nd6 Qf8 33. Kg1 Ra6 34. Qe3 Qf6
35. Be5 Qg6+ 36. Kh2 Nf5 37. Nxf5 Qxf5 38. Qf4 Qxf4+ 39. Bxf4 Bxf2 40. d6 Bxe1
41. dxe7 h6 42. e8=Q+ Kh7 43. Rxe1 Ra7 44. Be5 g6 45. Qh8# {Black checkmated}
1-0

[Event "Team 45 45 League T42"]
[Site "Internet Chess Club"]
[Date "2009.08.13"]
[Round "3"]
[White "Karan99"]
[Black "CKNIGHT3"]
[Result "1-0"]
[WhiteElo "1432"]
[BlackElo "1507"]
[Opening "Sicilian: Tartakower variation"]
[ECO "B53"]
[Time "20:00:26"]
[TimeControl "2700+45"]

1. e4 c5 2. Nf3 d6 3. d4 cxd4 4. c3 Nf6 5. e5 dxe5 6. Nxe5 a6 7. Qa4+ Nbd7 8.
cxd4 b5 9. Bxb5 e6 10. O-O Be7 11. Nc3 O-O 12. Nc6 Qe8 13. d5 Bb7 14. Bd3 Nc5
15. Nxe7+ Qxe7 16. Qd4 Nxd3 17. d6 Rfd8 18. Qxd3 Rxd6 19. Qg3 Rdd8 20. Bh6 Nh5
21. Qg4 g6 22. Bg5 Nf6 23. Qh4 Kg7 24. Qh6+ Kg8 25. Rae1 Rd6 26. Re3 Rd7 27. Ne4
Ng4 28. Bxe7 Nxh6 29. Nf6+ Kg7 30. Nxd7 Nf5 31. Bf6+ Kg8 32. Rc3 a5 33. Rc7 Be4
34. Rfc1 h5 35. Rc8+ Rxc8 36. Rxc8+ Kh7 37. Rh8# {Black checkmated} 1-0

[Event "Team 45 45 League T42"]
[Site "Internet Chess Club"]
[Date "2009.08.17"]
[Round "3"]
[White "BrandonBee"]
[Black "AntMantis"]
[Result "1/2-1/2"]
[WhiteElo "1492"]
[BlackElo "1632"]
[Opening "Philidor's defense"]
[ECO "C41"]
[Time "13:05:11"]
[TimeControl "2700+45"]

1. e4 e5 2. Nf3 d6 3. Bc4 Be7 4. d3 Nf6 5. Nbd2 Nc6 6. Bb5 Bd7 7. c3 O-O 8. Ba4
a6 9. Nf1 b5 10. Bb3 Bg4 11. h3 Bh5 12. g4 Bg6 13. Nh4 Kh8 14. Nf5 h6 15. N1g3
a5 16. g5 hxg5 17. Bxg5 a4 18. Bc2 Nh7 19. Be3 Bg5 20. h4 Bxe3 21. fxe3 Nf6
{Game drawn by mutual agreement} 1/2-1/2

[Event "Team 45 45 League T42"]
[Site "Internet Chess Club"]
[Date "2009.08.13"]
[Round "3"]
[White "KoalieAwe"]
[Black "Makaen"]
[Result "1-0"]
[WhiteElo "1403"]
[BlackElo "1481"]
[Opening "QGD: Charousek (Petrosian) variation"]
[ECO "D31"]
[Time "19:30:14"]
[TimeControl "2700+45"]

1. d4 d5 2. c4 e6 3. Nc3 Be7 4. e3 Nf6 5. Nf3 O-O 6. cxd5 Nxd5 7. Bd3 c5 8. Nxd5
Qxd5 9. Qc2 h6 10. O-O Nc6 11. Rd1 Nb4 12. Qc4 Nxd3 13. Qxd5 exd5 14. Rxd3 c4
15. Rd1 Bg4 16. Kh1 b5 17. Rg1 Rac8 18. Bd2 b4 19. Rac1 Rc7 20. h3 Bf5 21. Ne1
Rfc8 22. Nc2 c3 23. bxc3 bxc3 24. Be1 Ba3 25. Nxa3 c2 26. Bb4 Rb7 27. Bc5 Rb2
28. Bxa7 Rxa2 29. Bc5 Rb2 30. Rge1 Bd3 31. f3 Rcb8 32. e4 dxe4 33. fxe4 R8b3 34.
d5 Rb1 35. Nxb1 Rxb1 36. Rxb1 cxb1=Q 37. Rxb1 Bxb1 38. d6 {Black resigns} 1-0